 Dungeon Crawl Stone Soup version 0.30-a0-304-gdc4b735fe1 (webtiles) character file.

Game seed: 2315208018362225211

29804 IdlyInterested the Basher (level 13, -8/106 HPs)
             Began as a Demonspawn Wanderer on Oct 20, 2022.
             Mangled by a death knight
             ... wielding a +4 battleaxe
              (23 damage)
             ... on level 14 of the Dungeon.
             The game lasted 01:03:00 (15259 turns).

IdlyInterested the Basher (Demonspawn Wanderer)    Turns: 15259, Time: 01:03:01

Health: -8/106     AC: 23    Str: 24    XL:     13   Next: 17%
Magic:  19/19      EV: 14    Int: 24    God:
Gold:   490        SH:  4    Dex: 15    Spells: 14/20 levels left

rFire   + + +      SeeInvis .    l - +7 great mace "Firestarter" {inner flame, rF++}
rCold   . . .      Faith    .    (shield currently unavailable)
rNeg    + . .      Spirit   .    H - +1 chain mail "Anecra" {rF+ rN+ rCorr}
rPois   .          Reflect  .    c - +0 hat of Relativism {Will- Str+4 Dex+3}
rElec   .          Harm     .    e - scarf {repulsion}
rCorr   +          Rampage  .    k - +0 pair of gloves
Will    .....                    t - +2 pair of boots {Stlth+}
Stlth   ..........               Q - amulet of regeneration
HPRegen 1.17/turn                p - +6 ring of intelligence
MPRegen 0.16/turn                K - +6 ring of strength

@: mighty, agile, sanguine armoured, slowed, repel missiles, very slow
A: powered by pain 2, spiny 1, sanguine armour 2, weakness stinger 1, large bone
plates 1, strong-willed 1
a: no special abilities


You were on level 14 of the Dungeon.
You visited 3 branches of the dungeon, and saw 16 of its levels.
You also visited: Sewer.

You collected 968 gold pieces.
You spent 478 gold pieces at shops.

Inventory:

Hand Weapons
 l - the +7 great mace "Firestarter" (weapon) {inner flame, rF++}
   (You found it on level 4 of the Dungeon)

   It burns those it strikes, dealing additional fire damage.
   It fills those it strikes with an explosive inner flame.
   It grants immunity to clouds of flame.
   rF:        It greatly protects you from fire.
 w - a +1 broad axe
 D - a +0 flail of protection
 E - a +2 whip of freezing
Missiles
 b - 63 poisoned darts
 f - 8 boomerangs
 j - 123 stones
Armour
 c - the +0 hat of Relativism (worn) {Will- Str+4 Dex+3}
   (You acquired it on level 4 of the Dungeon)

   Str:       It affects your strength (+4).
   Dex:       It affects your dexterity (+3).
   Will:      It decreases your willpower.
 e - a scarf of repulsion (worn)
 k - a +0 pair of gloves (worn)
 t - a +2 pair of boots of stealth (worn)
 C - the +2 leather armour of Baatunugg {rF- Will++ Int+4 Dex+4}
   (You found it on level 4 of the Dungeon)

   Int:       It affects your intelligence (+4).
   Dex:       It affects your dexterity (+4).
   rF:        It makes you vulnerable to fire.
   Will:      It greatly increases your willpower.
 H - the +1 chain mail "Anecra" (worn) {rF+ rN+ rCorr}
   (You took it off a gnoll bouda on level 4 of the Dungeon)

   rF:        It protects you from fire.
   rN:        It protects you from negative energy.
   rCorr:     It protects you from acid and corrosion.
 S - a +3 leather armour of cold resistance
 Y - a +2 plate armour of willpower
Jewellery
 i - an amulet of magic regeneration
 p - a +6 ring of intelligence (left hand)
 u - a +6 ring of intelligence
 y - a ring of poison resistance
 B - a ring of protection from cold
 I - a ring of fire
 K - a +6 ring of strength (right hand)
 Q - an amulet of regeneration (around neck)
 T - a ring of protection from cold
 U - a ring of see invisible
 V - an amulet of reflection
 Z - a ring of flight
Wands
 g - a wand of digging (6)
 m - a wand of roots (12)
 q - a wand of flame (25)
 s - a wand of paralysis (20)
 J - a wand of quicksilver (1)
 R - a wand of mindburst (6)
Scrolls
 a - 6 scrolls of identify
 r - 3 scrolls of butterflies
 v - 4 scrolls of enchant armour
 x - 5 scrolls of blinking
 A - 6 scrolls of teleportation
 L - a scroll of torment
 W - 2 scrolls of enchant weapon
Potions
 d - a potion of berserk rage
 h - 7 potions of curing
 n - 2 potions of magic
 z - 2 potions of brilliance
 F - 3 potions of mutation
 G - 2 potions of attraction
 M - a potion of might
 N - 2 potions of ambrosia
 O - 4 potions of haste
 P - 2 potions of cancellation
Miscellaneous
 X - a phial of floods


   Skills:
 + Level 11.3 Fighting
 * Level 12.5 Maces & Flails
 - Level 3.5 Polearms
 - Level 2.0 Throwing
 - Level 4.0 Armour
 - Level 2.0 Dodging
 - Level 2.0 Stealth
 - Level 4.0 Spellcasting
 + Level 11.2 Conjurations
 - Level 2.0 Fire Magic
 - Level 2.0 Air Magic
 - Level 2.0 Poison Magic
 - Level 4.0 Evocations


You had 14 spell levels left.
You knew the following spells:

 Your Spells              Type           Power      Damage    Failure   Level
a - Foxfire               Conj/Fire      100%       2x1d9     4%          1
b - Searing Ray           Conj           100%       2d8       1%          2
c - Mephitic Cloud        Conj/Pois/Air  29%        N/A       26%         3

Your spell library contained the following spells:

 Spells                   Type           Power      Damage    Failure   Level
 Magic Dart               Conj           100%       1d8       1%          1
 Hailstorm                Conj/Ice       31%        3d8       21%         3
 Stone Arrow              Conj/Erth      62%        3d10      21%         3
 Poisonous Vapours        Pois/Air       28%        N/A       41%         2
 Cigotuvi's Dreadful Rot  Necr/Pois/Air  22%        N/A       52%         2
 Freeze                   Ice            16%        1d4       56%         1
 Sandblast                Erth           8%         2d5       56%         1
 Fulminant Prism          Conj/Hex       15%        3d11      56%         4
 Iskenderun's Mystic Bla  Conj/Tloc      31%        2d8       56%         4
 Passwall                 Tmut/Erth      3%         N/A       71%         2
 Kindle Blastsparks       Fire/Tloc/Air  22%        2d11      77%         3
 Frozen Ramparts          Ice            8%         1d2       90%         3
 Leda's Liquefaction      Hex/Erth       2%         N/A       100%        4
 Passage of Golubria      Tloc           4%         N/A       100%        4
 Lee's Rapid Deconstruct  Erth           2%         3d4*      100%        5
 Silence                  Hex/Air        4%         N/A       100%        5
 Statue Form              Tmut/Erth      2%         N/A       100%        6
 Lehudib's Crystal Spear  Conj/Erth      15%        10d5      100%        8


Dungeon Overview and Level Annotations

Branches:
Dungeon (14/15)            Temple (1/1) D:4            Lair (1/5) D:9
    Orc (0/2) D:9          Vaults (0/5) D:13          Sewer (visited)

Altars:
Ashenzari
Cheibriados
Dithmenos
Fedhas
Gozag
Hepliaklqana
Kikubaaqudgha
Makhleb
Nemelex Xobeh
Okawaru
Qazlal
Ru
Sif Muna
Trog
Uskayaw
Vehumet
Wu Jian
Xom
Yredelemnul
Jiyva

Shops:
D:1 (   D:2 =   D:7 ?   D:8 *   D:9 [   D:12 [


Innate Abilities, Weirdness & Mutations

You sometimes gain power by taking damage.
You are partially covered in sharp spines.
When seriously injured, your blood forms thick armour. (AC +9)
You have a small tail.
You are partially covered in large bone plates. (SH +4)
You are strong-willed. (Will+)


Message History

You feel much better.
The death knight's dark mirror aura disappears.
The wraith is engulfed in blazing flames.
You destroy the wraith!
You block the freezing wraith's attack. The freezing wraith hits you!
The freezing wraith drains your vigour!
You feel as though you will be slow longer.
The wraith is engulfed in blazing flames.
You destroy the wraith!
The death knight is engulfed in blazing flames.
Flame seeps out of the death knight.
The death knight hits you with a +4 battleaxe!
* * * LOW HITPOINT WARNING * * *
The death knight is engulfed in blazing flames.
Flame seeps out of the death knight.
The death knight hits you with a +4 battleaxe!!
* * * LOW HITPOINT WARNING * * *
The freezing wraith closely misses you. The freezing wraith hits you.
* * * LOW HITPOINT WARNING * * *
You feel much better.
The freezing wraith hits you but does no damage. x2
The death knight is struck by your spines.
Flame seeps out of the death knight.
The death knight hits you with a +4 battleaxe!
* * * LOW HITPOINT WARNING * * *
You focus on the pain.
You feel agile all of a sudden.
You feel much better.
The death knight's inner flame fades away.
The death knight is engulfed in blazing flames.
The death knight is struck by your spines.
The death knight hits you with a +4 battleaxe!!
* * * LOW HITPOINT WARNING * * *
You focus on the pain.
You feel very mighty all of a sudden. The freezing wraith closely misses you.
The freezing wraith hits you but does no damage.
The death knight is engulfed in blazing flames.
The death knight hits you with a +4 battleaxe!!
You die...

#. ##.########
#.....$...#
.##.....)...#
...........####
#.....§§......
#.....§§§.# #.....@p..#
.. #......W..# .#
####.###### ##.# #...##
#.. ###..# #.#
#######.##### ##.#####
#...........#
.......####...........#
.......##.............#


You could see a death knight and a freezing wraith.

Vanquished Creatures
  A great orb of eyes (D:11)
  The ghost of Iusername the Protected, a journeyman MiFi of Gozag (D:11)
  Erolcha (D:10)
  3 vault guards (D:13)
  3 boulder beetles
  3 centaur warriors
  The ghost of glaedl the Cleaver, a novice MiBe of Trog (D:8)
  3 two-headed ogres
  2 wizards (D:13)
  A necromancer (D:13)
  Pikel (D:4)
  A deep elf pyromancer (D:12)
  3 ugly things
  A manticore (D:12)
  Maggie (D:6)
  2 cane toads (Lair:1)
  A freezing wraith (D:14)
  Psyche (D:8)
  An unseen horror (D:11)
  3 meliai (D:13)
  8 trolls
  A burning bush (Lair:1)
  3 slime creatures (D:11)
  5 blink frogs (Lair:1)
  2 shadows
  3 yaks (D:8)
  6 wraiths
  17 humans (D:13)
  A basilisk (D:12)
  4 steam dragons
  6 vampire mosquitoes
  Menkaure (D:5)
  2 acid dragons (D:11)
  2 wargs (D:9)
  A water moccasin (D:9)
  7 orc warriors
  A sky beast (D:7)
  A black bear (D:8)
  4 ogres
  5 centaurs
  3 kobold brigands
  A lemure (D:4)
  2 gnoll sergeants
  3 necrophages
  8 bullfrogs
  5 scorpions
  8 wights
  10 killer bees (D:9)
  A howler monkey (D:7)
  4 jellies
  6 hounds
  8 orc priests
  A gnoll bouda (D:4)
  7 iguanas
  6 orc wizards
  8 gnolls
  11 adders
  A river rat (D:3)
  2 shadow imps
  3 white imps (D:6)
  3 ufetubi
  2 dart slugs (D:4)
  39 orcs
  5 endoplasms
  12 giant cockroaches
  7 goblins
  11 hobgoblins
  2 jackals (D:4)
  12 quokkas
  8 ball pythons
  6 bats
  15 frilled lizards
  12 kobolds
  6 rats
  A bush (Lair:1)
353 creatures vanquished.

Vanquished Creatures (others)
  153 foxfires
  A plant (D:9)
154 creatures vanquished.

Grand Total: 507 creatures vanquished

Notes
Turn   | Place    | Note
-------+----------+-------------------------------------------
     0 | D:1      | IdlyInterested the Demonspawn Wanderer began the quest for
                  | the Orb.
     0 | D:1      | IdlyInterested set off with the following items: a +0
                  | spear, 13 poisoned darts, a +0 dagger, a potion of berserk
                  | rage, a +0 robe; and the following spell memorised:
                  | Foxfire; and the following spells available to memorise:
                  | Searing Ray, Stone Arrow.
     0 | D:1      | Reached XP level 1. HP: 15/15 MP: 2/2
     1 | D:1      | Found Agosoy Ammo's Weapon Shoppe.
   492 | D:1      | Gained mutation: When seriously injured, your blood forms
                  | armour. (AC +9) [demonic ancestry]
   492 | D:1      | Reached XP level 2. HP: 16/21 MP: 3/3
  1625 | D:2      | Reached XP level 3. HP: 26/27 MP: 5/5
  1932 | D:2      | Found Rusadah's Jewellery Shoppe.
  2300 | D:3      | Noticed a scorpion
  2315 | D:3      | Killed a scorpion
  2316 | D:3      | Gained mutation: You are partially covered in sharp spines.
                  | [demonic ancestry]
  2316 | D:3      | Reached XP level 4. HP: 24/34 MP: 5/7
  2504 | D:3      | Reached XP level 5. HP: 28/41 MP: 8/8
  2513 | D:3      | Found a glowing drain.
  2520 | Sewer    | Entered a sewer
  2806 | Sewer    | Reached skill level 1 in Armour
  2806 | Sewer    | Reached XP level 6. HP: 36/48 MP: 9/9
  2934 | D:3      | Found a sparkling altar of Nemelex Xobeh.
  3531 | D:4      | Reached skill level 5 in Conjurations
  3553 | D:4      | Found the +7 great mace "Firestarter" {inner flame, rF++}
  3592 | D:4      | Identified the +2 leather armour of Baatunugg {rF- Will++
                  | Int+4 Dex+4}
  3885 | D:4      | Found a staircase to the Ecumenical Temple.
  3894 | Temple   | Entered the Ecumenical Temple
  4231 | D:4      | Noticed Pikel
  4233 | D:4      | Killed Pikel
  4234 | D:4      | Reached skill level 5 in Fighting
  4234 | D:4      | Gained mutation: You have a small tail. [demonic ancestry]
  4234 | D:4      | Reached XP level 7. HP: 30/57 MP: 10/10
  4398 | D:4      | Identified the +1 chain mail "Anecra" {rF+ rN+ rCorr}
  4402 | D:4      | Reached skill level 1 in Maces & Flails
  4752 | D:4      | Identified a scroll of acquirement
  4752 | D:4      | Acquired the +0 hat of Relativism {Will- Str+4 Dex+3}
  4766 | D:5      | Entered Level 5 of the Dungeon
  4857 | D:5      | Gained mutation: You sometimes gain a little power by
                  | taking damage. [demonic ancestry]
  4857 | D:5      | Reached XP level 8. HP: 57/64 MP: 11/11
  4948 | D:5      | Reached skill level 2 in Maces & Flails
  5222 | D:5      | Reached skill level 1 in Dodging
  5258 | D:5      | Noticed Menkaure
  5264 | D:5      | Killed Menkaure
  5268 | D:5      | Learned a level 2 spell: Searing Ray
  5653 | D:5      | Reached skill level 3 in Maces & Flails
  5910 | D:5      | Gained mutation: You are partially covered in large bone
                  | plates. (SH +4) [potion of mutation]
  5910 | D:5      | Gained mutation: You are strong-willed. (Will+) [potion of
                  | mutation]
  5916 | D:6      | Noticed Maggie
  5922 | D:6      | Killed Maggie
  5923 | D:6      | Reached skill level 4 in Maces & Flails
  6057 | D:6      | Gained mutation: When seriously injured, your blood forms
                  | thick armour. (AC +9) [demonic ancestry]
  6057 | D:6      | Reached XP level 9. HP: 56/71 MP: 12/12
  6128 | D:6      | Reached skill level 5 in Maces & Flails
  6128 | D:6      | Reached skill level 1 in Fire Magic
  6690 | D:7      | Found Susmij's Magic Scroll Boutique.
  7099 | D:7      | Reached skill level 1 in Stealth
  7188 | D:7      | Identified the +7 rapier of Xinazux {holy, Will+ Int-5
                  | Dex+3}
  7280 | D:7      | Reached skill level 6 in Maces & Flails
  7806 | D:8      | Found Xaxijapy's CLEARANCE SALE!.
  7844 | D:8      | Reached XP level 10. HP: 65/80 MP: 13/13
  7936 | D:8      | Found a runed translucent gate.
  7936 | D:8      | Found a runed translucent gate.
  7942 | D:8      | Found a runed translucent gate.
  8072 | D:8      | Reached skill level 7 in Maces & Flails
  8389 | D:8      | You fall into a shaft and drop 2 floors!
  8389 | D:10     | Entered Level 10 of the Dungeon
  8408 | D:10     | Noticed a two-headed ogre
  8415 | D:10     | HP: 3/80 [two-headed ogre/+0 giant club (16)]
  8433 | D:10     | Killed a two-headed ogre
  8628 | D:10     | Noticed Erolcha
  8635 | D:10     | Killed Erolcha
  8673 | D:9      | Noticed a two-headed ogre
  8677 | D:9      | Killed a two-headed ogre
  8678 | D:9      | Reached skill level 8 in Maces & Flails
  8683 | D:9      | Found a hide-covered altar of Uskayaw.
  9049 | D:8      | Noticed Psyche
  9056 | D:8      | Killed Psyche
  9313 | D:8      | Noticed glaedl's ghost (novice MiBe)
  9339 | D:8      | Killed glaedl's ghost
  9340 | D:8      | Reached XP level 11. HP: 80/89 MP: 17/17
  9533 | D:9      | Found a staircase to the Orcish Mines.
  9694 | D:9      | Found a staircase to the Lair.
  9702 | D:9      | Reached skill level 9 in Maces & Flails
  9714 | D:9      | Learned a level 3 spell: Mephitic Cloud
  9927 | D:9      | Found Coxugu's Armour Emporium.
 10066 | D:9      | Bought a +2 leather armour of cold resistance for 228 gold
                  | pieces
 10221 | D:2      | Bought a ring of protection from cold for 250 gold pieces
 10380 | Lair:1   | Entered Level 1 of the Lair of Beasts
 11238 | Lair:1   | Found a transporter.
 11238 | Lair:1   | Found a transporter.
 11238 | Lair:1   | Noticed a boulder beetle
 11250 | Lair:1   | Killed a boulder beetle
 11758 | D:10     | Noticed a centaur warrior
 11763 | D:10     | Killed a centaur warrior
 11857 | D:10     | Found a blossoming altar of Fedhas.
 11857 | D:10     | Found a hazy altar of Hepliaklqana.
 12289 | D:11     | Reached skill level 10 in Maces & Flails
 12385 | D:11     | Noticed a boulder beetle
 12393 | D:11     | Killed a boulder beetle
 12467 | D:11     | Found a runed translucent gate.
 12468 | D:11     | Found a runed translucent gate.
 12468 | D:11     | Found a runed translucent gate.
 12471 | D:11     | Noticed Iusername's ghost (journeyman MiFi)
 12471 | D:11     | Noticed a great orb of eyes
 12474 | D:11     | Found a viscous altar of Jiyva.
 12485 | D:11     | Killed a great orb of eyes
 12490 | D:11     | Killed Iusername's ghost
 12491 | D:11     | Reached skill level 10 in Fighting
 12491 | D:11     | Reached XP level 12. HP: 56/97 MP: 18/18
 12847 | D:11     | Reached skill level 10 in Conjurations
 12936 | D:11     | Noticed a two-headed ogre
 12943 | D:11     | Killed a two-headed ogre
 13424 | D:12     | Reached skill level 11 in Maces & Flails
 13548 | D:12     | Reached skill level 1 in Air Magic
 13602 | D:12     | Found Biynegh's Armour Shoppe.
 13983 | D:13     | Reached skill level 1 in Poison Magic
 13987 | D:13     | Noticed a vault guard
 13989 | D:13     | Noticed a vault guard
 13989 | D:13     | Noticed a vault guard
 13997 | D:13     | Killed a vault guard
 14001 | D:13     | Killed a vault guard
 14002 | D:13     | Killed a vault guard
 14003 | D:13     | Reached skill level 12 in Maces & Flails
 14048 | D:13     | Found a gate to the Vaults.
 14134 | D:13     | Noticed a centaur warrior
 14142 | D:13     | Killed a centaur warrior
 14377 | D:13     | Noticed a boulder beetle
 14383 | D:13     | Gained mutation: You sometimes gain power by taking damage.
                  | [demonic ancestry]
 14383 | D:13     | Reached XP level 13. HP: 39/106 MP: 19/19
 15259 | D:14     | Mangled by a death knight

Illustrated notes

Levels and vault maps discovered:
D:1:      dpeg_arrival_windows_large_door, layout_loops_corners, serial_shops,
          nicolae_shop_waterfront
D:2:      wad_pebble_path, layout_loops_corners, serial_shops, shop
D:3:      kennysheep_the_goblin_king, layout_loops_ring,
          mainiacjoe_overflow_cross_hatched, gup_sewer_entry_bubbles,
          serial_park_tiny_1
D:4:      layout_basic, temple_hall, uniq_pikel
D:5:      minmay_diamond_boxcup, layout_loops_cross, uniq_menkaure
D:6:      layout_rooms, minmay_stone_trees_medium, interstate_on_off,
          kennysheep_generic_room_3, uniq_maggie
D:7:      layout_loops_ring, serial_shops, kennysheep_mini_moat, minmay_bent
D:8:      layout_loops_corners, gammafunk_ghost_spectres,
          nicolae_shop_clearance, uniq_psyche
D:9:      layout_rooms, lemuel_crystal_altar, erik_lair_orcish_takeover,
          minmay_orc_entry_temple_small, serial_shops, nicolae_shop_hallway_plus
D:10:     layout_irregular_city, mainiacjoe_overflow_alcove_4,
          nicolae_overflow_two_pavilions, abandoned_shop, uniq_erolcha
D:11:     layout_gridville, gammafunk_ghost_ooze, st_stairs_3,
          minmay_strange_pillars, chequers_decorated_corner,
          nicolae_elevator_lobby_asterisk
D:12:     layout_gridville, serial_shops, kennysheep_little_box,
          nicolae_tso_carved_into_rock
D:13:     layout_basic, grunt_vaults_entry_tiered, kennysheep_nondescript,
          minivault_24
D:14:     layout_roguey, eino_tiny_chamber, uniq_josephine
Temple:   minmay_temple_bridge_d
Lair:1:   gammafunk_boulding_lane, layout_layer_cave, evilmike_ambush
          [evilmike_ambush_outer_basic, evilmike_ambush_inner_cross],
          grunt_megastairs_4

Skill      XL: |  1  2  3  4  5  6  7  8  9 10 11 12 |
---------------+-------------------------------------+-----
Fighting       | 2 3 5 6 7 9 10 11 | 11.3
Spellcasting   | 2 4 |  4.0
Polearms       | 2 3 |  3.5
Armour         | 1 2 4 |  4.0
Conjurations   | 5 6 7 8 9 11 | 11.2
Maces & Flails | 1 4 6 8 10 12 | 12.5
Dodging        | 2 |  2.0
Throwing       | 2 |  2.0
Fire Magic     | 2 |  2.0
Stealth        | 2 |  2.0
Evocations     | 3 4 |  4.0
Air Magic      | 2 |  2.0
Poison Magic   | 2 |  2.0

Action                   |  1- 3 |  4- 6 |  7- 9 | 10-12 | 13-15 || total
-------------------------+-------+-------+-------+-------+-------++-------
Melee: Spear             |    82 |    82 |       |       |       ||   164
       Punch             |     2 |       |       |       |       ||     2
       Great mace        |       |    14 |   116 |   226 |    26 ||   382
       Tailslap          |       |       |    11 |    30 |     4 ||    45
 Cast: Foxfire           |    24 |    36 |    10 |    19 |       ||    89
Evoke: Wand              |       |       |       |     2 |       ||     2
  Use: Scroll            |     8 |     4 |    12 |     6 |       ||    30
       Potion            |     1 |       |     1 |     2 |     4 ||     8
 Stab: Sleeping          |       |     2 |       |       |       ||     2
Armor: Robe              |     7 |       |       |       |       ||     7
       Ring mail         |    22 |    49 |    13 |       |       ||    84
       Chain mail        |       |       |    70 |   150 |    24 ||   244
Dodge: Dodged            |    33 |    43 |    54 |   130 |    21 ||   281
       Repelled          |       |       |       |     4 |       ||     4
Block: Other             |       |       |    14 |    40 |    12 ||    66

Table legend: (Time is in decaauts)
 A = Elapsed time spent in this place.
 B = Non-inter-level travel time spent in this place.
 C = Inter-level travel time spent in this place.
 D = Time resting spent in this place.
 E = Time spent auto-exploring this place.
 F = Levels seen in this place.
 G = Mean time per level.
                   A        B        C        D        E       F      G
               +--------+--------+--------+--------+--------+-----+--------+
         Total |  15496 |  13325 |   2171 |    637 |   9388 |  17 |  911.5 |
       Dungeon |  13755 |  11657 |   2098 |    615 |   8183 |  14 |  982.5 |
        Temple |    232 |    224 |      8 |      0 |    213 |   1 |  232.0 |
          Lair |   1088 |   1023 |     65 |      0 |    884 |   1 | 1088.0 |
         Sewer |    419 |    419 |      0 |     22 |    108 |   1 |  419.0 |
               +--------+--------+--------+--------+--------+-----+--------+

Top non-repeatable levels by time:
     D:8: 1378 daAuts
     D:5: 1249 daAuts
    D:13: 1244 daAuts
     D:2: 1171 daAuts
     D:1: 1142 daAuts
     D:4: 1089 daAuts
  Lair:1: 1088 daAuts
     D:7: 1088 daAuts
     D:3: 1074 daAuts
    D:10: 1035 daAuts
    D:11: 870 daAuts
     D:9: 864 daAuts
    D:12: 745 daAuts
     D:6: 697 daAuts
   Sewer: 419 daAuts
